 Dungeon Crawl Stone Soup version 0.31-a0-845-g9abc20d24f (webtiles) character file.

Game seed: 8771799668531507807

599 Bnni the Vexing (level 7, -9/43 (52) HPs)
             Began as a Formicid Hexslinger on Oct 3, 2023.
             Mangled by an ogre
             ... wielding a +0 giant club
              (20 damage)
             ... on level 5 of the Dungeon.
             The game lasted 00:06:35 (3417 turns).

Bnni the Vexing (Formicid Hexslinger)               Turns: 3417, Time: 00:06:36

HP:   -9/43 (52)    AC:  3    Str: 12      XL:     7   Next: 68%
MP:   6/11          EV: 12    Int: 13      God:
Gold: 224           SH:  0    Dex: 13 (18) Spells: 3/12 levels left

rFire   . . .        a - +1 sling
rCold   . . .        (no shield)
rNeg    . . .        c - +0 robe
rPois   .            (helmet unavailable)
rElec   .            (no cloak)
rCorr   .            o - +0 pair of gloves
SInv    +            (no boots)
Will    .....        g - amulet of faith
Stlth   +            (no ring)
HPRegen 0.27/turn    (no ring)
MPRegen 0.12/turn

%: faith
@: weak-willed, jinxed, heavily drained
A: permanent stasis, dig shafts and tunnels, antennae 3, four strong arms
a: Dig, Shaft Self


You were on level 5 of the Dungeon.
You visited 1 branch of the dungeon, and saw 5 of its levels.

You collected 224 gold pieces.

Inventory:

Hand Weapons
 a - a +1 sling (weapon)
Armour
 c - a +0 robe (worn)
 o - a +0 pair of gloves (worn)
Jewellery
 g - an amulet of faith (around neck)
 q - a ring of fire
Wands
 k - a wand of paralysis (10)
 n - a wand of flame (26)
Scrolls
 b - a scroll of poison
 l - a scroll of teleportation {unknown}
 r - 3 scrolls of revelation {unknown}
 s - a scroll of enchant armour
 t - a scroll of fear
Potions
 d - 2 potions of degeneration {unknown}
 e - a potion of attraction {unknown}
 f - a potion of lignification {unknown}
 h - a potion of might {unknown}
 i - 3 potions of mutation {unknown}
 j - a potion of curing {unknown}
 m - a potion of resistance {unknown}
 p - a potion of heal wounds {unknown}
 u - 2 potions of invisibility {unknown}


   Skills:
 + Level 3.3 Fighting
 * Level 4.8 Ranged Weapons
 - Level 1.7 Dodging
 + Level 3.1 Spellcasting
 * Level 6.5 Hexes
 - Level 1.0 Fire Magic


You had 3 spell levels left.
You knew the following spells:

 Your Spells              Type           Power      Damage    Failure   Level
a - Jinxbite              Hex            38%        N/A       2%          2
d - Cause Fear            Hex            9%         N/A       16%         4
o - Sigil of Binding      Hex            19%        N/A       4%          3

Your spell library contained the following spells:

 Spells                   Type           Power      Damage    Failure   Level
 Inner Flame              Hex/Fire       11%        N/A       14%         3
 Magic Dart               Conj           8%         1d3       22%         1
 Call Imp                 Summ           4%         N/A       34%         2
 Mephitic Cloud           Conj/Pois/Air  2%         N/A       56%         3
 Stone Arrow              Conj/Erth      4%         3d7       56%         3
 Dimensional Bullseye     Hex/Tloc       5%         N/A       52%         4
 Animate Armour           Summ/Erth      4%         N/A       92%         4
 Lehudib's Crystal Spear  Conj/Erth      1%         10d2      100%        8


Dungeon Overview and Level Annotations

Branches:
Dungeon (5/15)
 Temple: D:4-7

Altars:
Ashenzari
Trog
The Shining One

Annotations:
D:4 Prince Ribbit
D:5 Grinder


Innate Abilities, Weirdness & Mutations

You cannot be hasted, slowed, berserked, paralysed or teleported.
You can dig through walls and to a lower floor.
You have a pair of large antennae on your head. (SInv)
Your four strong arms can wield two-handed weapons with a shield.


Message History

Unknown command.
You shoot a sling bullet. The sling bullet hits the adder.
You kill the adder!
You feel sick.
Unknown command.
Casting: Jinxbite (safe; 2% risk of failure)
Confirm with . or Enter, or press ? or * to list all spells.
You inscribe a pair of binding sigils nearby!
You feel sick. The orc hits you with a +0 hand axe.
You shoot a sling bullet. The sling bullet barely misses the orc.
The sling bullet hits the ogre.
The ogre is moderately wounded.
You feel sick.
You are no longer poisoned.
The orc barely misses you.
You shoot a sling bullet.
The sling bullet closely misses the orc.
The sling bullet hits the ogre but does no damage.
The ogre is moderately wounded.
The orc barely misses you. The orc hits you with a +0 hand axe.
Unknown command.
Casting: Sigil of Binding (dangerous; 4% risk of failure)
Confirm with . or Enter, or press ? or * to list all spells.
You beckon some vexing sprites to accompany your attacks.
You feel your willpower being sapped. The orc hits you with a +0 hand axe.
You shoot a sling bullet. The sling bullet hits the orc.
You kill the orc!
The ogre hits you with a +0 giant club!!
* * * LOW HITPOINT WARNING * * *
Found 21 gold pieces.
You see here 6 stones.
You extend your mandibles.
You dig through the rock wall.
You feel drained.
You dig through the rock wall.
You feel drained.
You retract your mandibles.
Things that are here:
a +0 hand axe; an adder corpse The ogre attacks as it pursues you!
The ogre hits you with a +0 giant club!!
You die...

...........# ...........≈.≈##
............ .........#..≈.≈#
............ ..............##
............. ............###
............. #.........##
....<........ #.........#
............$#### #.......#
..............#.###....†.###
#.5####.........@O.........##
... .........##..........#
... .##....?##..........# ..
.#....(###..........# ..
.........##.......#....
..................#.....
##................##$...
##.......##.$##..$. ##
#.......#..........


You could see an ogre.

Vanquished Creatures
  Sigmund (D:3)
  A phantom (D:4)
  3 quasits (D:4)
  A hound (D:3)
  An iguana (D:5)
  A sleepcap (D:4)
  Ijyb (D:3)
  9 adders
  3 dart slugs
  An orc (D:5)
  5 bats
  3 endoplasms
  3 giant cockroaches
  8 goblins
  12 hobgoblins
  4 jackals (D:2)
  6 kobolds
  5 quokkas
  11 ball pythons
  6 frilled lizards
  5 rats
90 creatures vanquished.

Notes
Turn   | Place    | Note
-------+----------+-------------------------------------------
     0 | D:1      | Bnni the Formicid Hexslinger began the quest for the Orb.
     0 | D:1      | Reached XP level 1. HP: 15/15 MP: 2/2
   123 | D:1      | Reached XP level 2. HP: 21/21 MP: 3/3
   135 | D:1      | Learned a level 2 spell: Jinxbite
   310 | D:1      | Reached skill level 4 in Hexes
   532 | D:1      | Reached XP level 3. HP: 23/26 MP: 5/5
   908 | D:2      | Found a faded altar of an unknown god.
  1015 | D:2      | Reached XP level 4. HP: 33/33 MP: 6/6
  1628 | D:2      | Learned a level 4 spell: Cause Fear
  1642 | D:3      | Found a bloodstained altar of Trog.
  1678 | D:3      | Noticed Ijyb
  1693 | D:3      | Killed Ijyb
  1694 | D:3      | Reached XP level 5. HP: 27/38 MP: 3/8
  1745 | D:3      | Found a glowing golden altar of the Shining One.
  1925 | D:3      | Noticed Sigmund
  1938 | D:3      | Reached skill level 5 in Hexes
  1940 | D:3      | Killed Sigmund
  1941 | D:3      | Reached XP level 6. HP: 35/46 MP: 5/9
  2072 | D:3      | Learned a level 3 spell: Sigil of Binding
  2306 | D:4      | Found a broken altar of Ashenzari.
  2311 | D:4      | Saw a vision of the Swamp and the Snake Pit.
  2311 | D:4      | Noticed a black mamba
  2311 | D:4      | Noticed a naga ritualist
  2311 | D:4      | Noticed a naga
  2311 | D:4      | Noticed a naga sharpshooter
  2311 | D:4      | Noticed a naga
  2311 | D:4      | Noticed a black mamba
  2311 | D:4      | Noticed a tyrant leech
  2311 | D:4      | Noticed a goliath frog
  2311 | D:4      | Noticed a fenstrider witch
  2311 | D:4      | Noticed a spriggan druid
  2311 | D:4      | Noticed an eleionoma
  2311 | D:4      | Noticed a shambling mangrove
  2311 | D:4      | Noticed a goliath frog
  2311 | D:4      | Noticed a black mamba
  2312 | D:4      | Noticed an anaconda
  2312 | D:4      | Noticed a naga mage
  2312 | D:4      | Noticed a spriggan rider
  2630 | D:4      | Reached XP level 7. HP: 51/51 MP: 11/11
  2704 | D:4      | Reached skill level 6 in Hexes
  3152 | D:5      | Entered Level 5 of the Dungeon
  3152 | D:5      | Noticed Grinder
  3152 | D:5      | Noticed Prince Ribbit
  3417 | D:5      | Mangled by an ogre

Illustrated notes

Levels and vault maps discovered:
D:1:      erik_arrival_triangle_medium, layout_loops_ring, minmay_3d_cube
D:2:      layout_loops_cross, hellmonk_ecumenical_altar_pennies_from_heaven
D:3:      layout_basic, nicolae_tso_carved_into_rock,
          mainiacjoe_overflow_tiny_flanked, uniq_sigmund, uniq_ijyb
D:4:      cheibrodos_quashed, layout_cave_pools, grunt_ashenzari_visionary
          [grunt_ashenzari_visionary_swamp, grunt_ashenzari_visionary_snake]
D:5:      layout_cave_pools, minmay_temple_entry_offerings,
          chequers_serial_rivers_micro_d, uniq_grinder, uniq_prince_ribbit1,
          uniq_duvessa, uniq_pikel

Skill      XL: |  1  2  3  4  5  6  7 |
---------------+----------------------+-----
Hexes          | 4 5 6 |  6.5
Ranged Weapons | 3 4 |  4.8
Fighting       | 2 3 |  3.3
Spellcasting   | 2 3 |  3.1
Dodging        | |  1.7
Fire Magic     | |  1.0

Action                     |  1- 3 |  4- 6 |  7- 9 || total
---------------------------+-------+-------+-------++-------
   Fire: Sling             |   106 |   165 |    83 ||   354
   Cast: Jinxbite          |       |     9 |     8 ||    17
         Cause Fear        |       |       |     1 ||     1
         Sigil of Binding  |       |       |     1 ||     1
Ability: Dig               |       |       |     4 ||     4
    Use: Scroll            |       |     3 |       ||     3
 Armour: Robe              |    22 |    50 |    90 ||   162
  Dodge: Dodged            |    26 |    60 |    83 ||   169

Table legend: (Time is in decaauts)
 A = Elapsed time spent in this place.
 B = Non-inter-level travel time spent in this place.
 C = Inter-level travel time spent in this place.
 D = Time resting spent in this place.
 E = Time spent auto-exploring this place.
 F = Levels seen in this place.
 G = Mean time per level.
                   A        B        C        D        E       F      G
               +--------+--------+--------+--------+--------+-----+--------+
         Total |   3501 |   3353 |    148 |    204 |   2387 |   5 |  700.2 |
       Dungeon |   3501 |   3353 |    148 |    204 |   2387 |   5 |  700.2 |
               +--------+--------+--------+--------+--------+-----+--------+

Top non-repeatable levels by time:
     D:4: 983 daAuts
     D:1: 925 daAuts
     D:2: 744 daAuts
     D:3: 738 daAuts
     D:5: 108 daAuts
